 Dungeon Crawl Stone Soup version 0.22-a0-354-g30dfbe6 (webtiles) character file.

84119 Kairos the Cruncher (level 15, -19/83 HPs)
             Began as a Vine Stalker Fighter on Apr 16, 2018.
             Was the Champion of Okawaru.
             Demolished by a tyrant leech (25 damage)
             ... on level 3 of the Swamp.
             The game lasted 01:19:40 (20645 turns).

Kairos the Cruncher (Vine Stalker Fighter)         Turns: 20645, Time: 01:19:42

Health: -19/83     AC: 14    Str: 24    XL:     15   Next: 79%
Magic:  0/22       EV: 16    Int: 10    God:    Okawaru [******]
Gold:   1931       SH: 13    Dex: 23    Spells: 20/22 levels left

rFire    + + .     SeeInvis .   n - +5 demon whip (elec)
rCold    . . .     Gourm    .   p - +6 buckler "Qeppo" {rPois Dex+2}
rNeg     . . .     Faith    .   P - +3 ring mail of Xearamar {rElec}
rPois    +         Spirit   +   S - +1 helmet
rElec    +         Reflect  .   b - scarf {rC+ rF+}
rCorr    .         Harm     .   (no gloves)
MR       +....                  o - +0 pair of boots
Stlth    ++........             (no amulet)
HPRegen  1.03/turn              Z - ring "Pemmymadi" {+Blink Str+4 Dex+4 Stlth-}
MPRegen  0.18/turn              x - ring of fire

@: no status effects
A: fangs 3, regeneration 2, magic shield, antimagic bite, no potion heal 3, rot
immunity
a: Heroism, Finesse, Renounce Religion, Evoke Blink


You were on level 3 of the Swamp.
You worshipped Okawaru.
Okawaru was exalted by your worship.
You were not hungry.

You visited 3 branches of the dungeon, and saw 20 of its levels.

You collected 1931 gold pieces.

Inventory:

Hand Weapons
 a - the +5 lajatang "Fuhal Noji" {vamp, rElec rPois}
   (Okawaru gifted it to you on level 2 of the Lair of Beasts)

   It inflicts no extra harm, but heals its wielder when it wounds a living foe.
   It insulates you from electricity.
   It protects you from poison.
 n - a +5 demon whip of electrocution (weapon)
Armour
 b - a scarf of resistance (worn)
 h - +0 ice dragon scales
 o - a +0 pair of boots (worn)
 p - the +6 buckler "Qeppo" (worn) {rPois Dex+2}
   (You found it on level 6 of the Lair of Beasts)

   It affects your dexterity (+2).
   It protects you from poison.
 z - a scarf of cloud immunity
 N - a +0 ring mail of magic resistance
 P - the +3 ring mail of Xearamar (worn) {rElec}
   (You found it on level 11 of the Dungeon)

   It insulates you from electricity.
 S - a +1 helmet (worn)
Jewellery
 x - a ring of fire (right hand)
 F - an uncursed ring of stealth
 L - a +4 ring of strength
 Z - the ring "Pemmymadi" (left hand) {+Blink Str+4 Dex+4 Stlth-}
   (You found it on level 2 of the Lair of Beasts)

   [ring of strength]

   It affects your strength (+4).
   It affects your dexterity (+4).
   It lets you blink.
   It makes you less stealthy.
Wands
 d - a wand of paralysis (15)
 E - a wand of acid (9)
 I - a wand of digging (9)
 U - a wand of enslavement (16)
 X - a wand of disintegration (24)
Scrolls
 g - 13 scrolls of remove curse
 i - 12 scrolls of teleportation
 j - 5 scrolls of amnesia
 k - 2 scrolls of magic mapping
 s - 5 scrolls of fog
 y - 3 scrolls of blinking
 B - a scroll of immolation
 C - 2 scrolls of fear
 G - a scroll of torment {unknown}
 Q - 2 scrolls of holy word {unknown}
 R - a scroll of acquirement {unknown}
 T - 2 scrolls of enchant armour
 V - a scroll of random uselessness {unknown}
 Y - a scroll of summoning {unknown}
Potions
 e - 7 potions of curing
 l - a potion of magic {unknown}
 m - 6 potions of brilliance
 q - 3 potions of berserk rage {unknown}
 t - 2 potions of resistance {unknown}
 u - 5 potions of lignification
 v - a potion of degeneration {unknown}
 w - 4 potions of heal wounds {unknown}
 D - a potion of experience {unknown}
 J - 3 potions of haste
 K - a potion of might
 M - 2 potions of agility
 O - 3 potions of mutation {unknown}
 W - a potion of cancellation {unknown}
Comestibles
 f - 22 rations


   Skills:
 + Level 11.5 Fighting
 - Level 11.6(13.5) Maces & Flails
 - Level 11.8(13.6) Staves
 + Level 9.9 Armour
 + Level 6.0 Dodging
 + Level 5.2 Stealth
 + Level 7.8 Shields
 * Level 4.1 Spellcasting
 * Level 4.9 Invocations
 + Level 2.3 Evocations


You had 20 spell levels left.
You knew the following spells:

 Your Spells              Type           Power        Failure   Level  Hunger
a - Blink                 Tloc           N/A          47%         2    ##.....


Dungeon Overview and Level Annotations

Branches:
Dungeon (11/15)            Temple (0/1) D:4            Lair (6/6) D:11
  Swamp (3/4) Lair:3        Snake (0/4) Lair:4        Slime (0/5) Lair:5
    Orc: D:9-12

Altars:
Ashenzari
Dithmenos
Elyvilon
Fedhas
Nemelex Xobeh
Okawaru
Qazlal
Sif Muna
Trog
Xom
The Shining One
Jiyva

Shops:
D:5 (   D:7 (   D:9 (

Annotations:
Lair:5 1 runed door


Innate Abilities, Weirdness & Mutations

You have razor-sharp teeth.
You heal very quickly.
When hurt, damage is shared between your health and your magic reserves.
Your bite disrupts and absorbs the magic of your enemies.
Potions cannot restore your health.
You are immune to rotting.


Message History

The tyrant leech bites you!!!
The tyrant leech draws strength from your injuries!
You are too injured to fight recklessly!
An alligator comes into view.
You are too injured to fight recklessly!
You are too injured to fight recklessly!
You are too injured to fight recklessly!
You hit the alligator but do no damage. You bite the alligator.
You drain its power.
You feel invigorated.
The alligator is lightly wounded.
The alligator bites you!!
* * * LOW HITPOINT WARNING * * *
You block the alligator's attack.
The alligator puts on a burst of speed!
You barely miss the alligator. You bite the alligator! You drain its power.
You feel invigorated.
The alligator is moderately wounded.
The alligator bites you!!
* * * LOW HITPOINT WARNING * * *
The alligator closely misses you. The tyrant leech bites you!!
You die...

.♣ .♣ ♣♣.≈♣
♣♣♣.♣≈≈♣
♣♣♣♣......♣
♣♣.♣.≈.≈t.♣
♣§...≈t≈♣ .≈≈.≈
♣♣≈♣≈.@w♣ ≈.≈§≈♣♣♣
♣♣..≈≈...♣
.≈≈≈.≈.♣♣♣.≈≈♣...♣♣
.≈.≈....≈≈.≈≈..♣♣♣
.≈≈≈.≈≈≈.≈≈≈..♣♣
≈≈≈.§≈♣≈.≈♣t.♣♣
.≈≈≈..≈≈.≈≈≈≈♣
.♣≈♣♣<..≈≈♣≈♣♣
...†..≈≈≈≈≈.♣


You could see 3 alligators and a tyrant leech.

Vanquished Creatures
  A thorn hunter (Swamp:1)
  Louise (Swamp:1)
  Nessos (Lair:4)
  A very ugly thing (Swamp:2)
  Snorg (D:11)
  Josephine (Lair:4)
  2 fire dragons (Lair:6)
  5 hydras
  A catoblepas (Lair:6)
  7 two-headed ogres
  7 alligators
  Urug (Lair:3)
  Sonja (D:11)
  3 spriggans
  3 swamp dragons
  A spriggan druid (Swamp:3)
  2 shambling mangroves (Swamp:2)
  2 lindwurms (Lair:6)
  A wolf spider (Lair:6)
  A cyclops (D:9)
  A guardian serpent (Lair:6)
  10 elephants
  12 black mambas
  14 spiny frogs
  5 centaur skeletons
  10 rime drakes
  8 komodo dragons
  Grinder (D:3)
  5 tyrant leeches (Swamp:2)
  12 hornets
  3 blink frogs (Lair:2)
  2 bog bodies
  6 hippogriffs
  13 slime creatures
  11 dream sheep
  Sigmund (D:2)
  The ghost of Kairos the Shield-Bearer, an amateur VSFi of Okawaru (D:5)
  2 shadows
  A human (D:9)
  55 yaks
  4 wraiths (Lair:4)
  11 wyverns (Lair:6)
  Eustachio (D:6)
  Grum (D:10)
  3 hungry ghosts
  2 basilisks
  13 steam dragons
  9 vampire mosquitoes
  Edmund (D:6)
  3 acid dragons (Lair:6)
  15 swamp worms
  3 insubstantial wisps (Swamp:1)
  22 water moccasins
  13 porcupines
  7 orc warriors
  8 swamp drakes
  2 sky beasts
  6 phantoms
  2 black bears
  An eye of draining (D:8)
  A necrophage (D:10)
  4 ice beasts
  6 ogres
  13 wolves
  7 centaurs
  A big kobold (D:10)
  12 crocodiles
  10 bullfrogs
  4 scorpions
  A wyvern skeleton (D:9)
  5 killer bees
  2 electric eels
  5 wights (D:10)
  3 howler monkeys
  3 crimson imps
  A bullfrog zombie (D:11)
  A centaur zombie (D:9)
  6 hounds
  4 jellies
  2 bullfrog skeletons
  7 orc priests
  6 orc wizards
  7 iguanas
  Ijyb (D:3)
  Natasha (thrice) (D:3)
  10 worker ants
  2 hound zombies
  A worker ant zombie (D:9)
  9 gnolls
  16 adders
  A shadow imp (D:6)
  An ooze (D:5)
  2 adder zombies
  5 worms
  4 dart slugs
  6 leopard geckos
  43 orcs
  5 bats
  6 giant cockroaches
  6 goblins
  5 hobgoblins
  10 jackals
  17 kobolds
  6 quokkas
  2 ball pythons
  11 frilled lizards
  2 jackal zombies
  A quokka zombie (D:6)
  9 rats
  2 fungi
  A plant (Lair:6)
641 creatures vanquished.

Vanquished Creatures (others)
  An electric eel (Lair:3)
  17 fungi
  8 plants (Lair:6)
  10 toadstools (Swamp:1)
36 creatures vanquished.

Grand Total: 677 creatures vanquished

Notes
Turn   | Place    | Note
-------+----------+-------------------------------------------
     0 | D:1      | Kairos the Vine Stalker Fighter began the quest for the Orb.
     0 | D:1      | Reached XP level 1. HP: 11/11 MP: 2/2
    95 | D:1      | Reached XP level 2. HP: 14/16 MP: 3/3
   614 | D:2      | Found a bloodstained altar of Trog.
   770 | D:2      | Reached XP level 3. HP: 8/19 MP: 1/4
  1347 | D:2      | Gained mutation: Your natural rate of healing is unusually fast. [Vine Stalker growth]
  1347 | D:2      | Reached XP level 4. HP: 23/23 MP: 5/5
  1377 | D:2      | Noticed Sigmund
  1390 | D:2      | Killed Sigmund
  1390 | D:2      | Reached XP level 5. HP: 9/28 MP: 6/6
  1732 | D:2      | Reached XP level 6. HP: 32/32 MP: 7/7
  1845 | D:2      | Found an iron altar of Okawaru.
  1854 | D:2      | Became a worshipper of Warmaster Okawaru
  1950 | D:2      | Reached skill level 1 in Stealth
  2090 | D:3      | Noticed Ijyb
  2097 | D:3      | Killed Ijyb
  2210 | D:3      | Noticed Grinder
  2219 | D:3      | Killed Grinder
  2219 | D:3      | Reached XP level 7. HP: 20/36 MP: 4/8
  2335 | D:3      | Noticed Natasha
  2346 | D:3      | Killed Natasha
  2346 | D:3      | Reached skill level 5 in Maces & Flails
  2360 | D:3      | Reached * piety under Okawaru
  2362 | D:3      | Noticed Natasha
  2366 | D:3      | Killed Natasha
  2542 | D:3      | Noticed Natasha
  2546 | D:3      | Killed Natasha
  2554 | D:3      | Found a shadowy altar of Dithmenos.
  2705 | D:3      | Found a glowing golden altar of the Shining One.
  2952 | D:4      | Reached skill level 1 in Dodging
  3069 | D:4      | Gained mutation: You have razor-sharp teeth. [Vine Stalker growth]
  3069 | D:4      | Reached XP level 8. HP: 36/40 MP: 6/9
  3250 | D:4      | Found a staircase to the Ecumenical Temple.
  3405 | D:4      | Found a shimmering altar of Xom.
  3473 | D:5      | Entered Level 5 of the Dungeon
  3495 | D:5      | Found Beuheh's Antique Weapon Shoppe.
  3604 | D:5      | Noticed Kairos's ghost (amateur VSFi)
  3749 | D:5      | Found a shattered altar of Ashenzari.
  3776 | D:5      | Reached ** piety under Okawaru
  4112 | D:5      | Killed Kairos's ghost
  4322 | D:6      | Got a jewelled quarterstaff
  4333 | D:6      | Identified the +6 quarterstaff "Rulamoh" {crush, rN+} (You found it on level 6 of the Dungeon)
  4354 | D:6      | Noticed Eustachio
  4360 | D:6      | Killed Eustachio
  4390 | D:6      | Found a blossoming altar of Fedhas.
  4426 | D:6      | Reached skill level 1 in Staves
  4426 | D:6      | Reached XP level 9. HP: 38/45 MP: 10/10
  4578 | D:6      | Found a stormy altar of Qazlal.
  4626 | D:6      | Reached *** piety under Okawaru
  4737 | D:6      | Noticed Edmund
  4749 | D:6      | Killed Edmund
  5362 | D:7      | Reached skill level 5 in Armour
  5447 | D:7      | Found Xics's Antique Weapon Emporium.
  5758 | D:7      | Found a deep blue altar of Sif Muna.
  6194 | D:8      | Noticed a two-headed ogre
  6199 | D:8      | Killed a two-headed ogre
  6199 | D:8      | Reached **** piety under Okawaru
  6199 | D:8      | Reached skill level 5 in Fighting
  6199 | D:8      | Reached skill level 5 in Staves
  6199 | D:8      | Reached XP level 10. HP: 21/51 MP: 5/11
  6401 | D:8      | Found a sparkling altar of Nemelex Xobeh.
  7032 | D:8      | Reached ***** piety under Okawaru
  7197 | D:9      | Noticed a two-headed ogre
  7205 | D:9      | Killed a two-headed ogre
  7205 | D:9      | Reached skill level 1 in Evocations
  7437 | D:9      | Reached XP level 11. HP: 37/56 MP: 12/12
  7808 | D:9      | Found Keikumm's Antique Weapon Shop.
  8132 | D:9      | Noticed a two-headed ogre
  8144 | D:9      | Killed a two-headed ogre
  8144 | D:9      | Received a gift from Okawaru
  8206 | D:9      | Noticed a two-headed ogre
  8207 | D:9      | Noticed a two-headed ogre
  8213 | D:9      | Killed a two-headed ogre
  8457 | D:9      | Killed a two-headed ogre
  8627 | D:9      | Noticed a cyclops
  8636 | D:9      | Killed a cyclops
  8977 | D:10     | Entered Level 10 of the Dungeon
  9026 | D:10     | Reached ****** piety under Okawaru
  9305 | D:10     | Reached skill level 10 in Staves
  9373 | D:10     | Noticed a two-headed ogre
  9388 | D:10     | Killed a two-headed ogre
  9388 | D:10     | Gained mutation: You heal very quickly. [Vine Stalker growth]
  9388 | D:10     | Reached XP level 12. HP: 45/62 MP: 12/14
  9705 | D:11     | Noticed Snorg
  9715 | D:11     | Killed Snorg
  9715 | D:11     | Received a gift from Okawaru
  9719 | D:11     | Got an ancient ring mail
  9772 | D:11     | Reached skill level 1 in Invocations
  9943 | D:11     | Noticed Grum
  9945 | D:11     | Noticed Sonja
  9957 | D:10     | Killed Grum
 10157 | D:11     | Found a staircase to the Lair.
 10228 | D:11     | Noticed a two-headed ogre
 10233 | D:11     | Killed a two-headed ogre
 10911 | D:11     | Killed Sonja
 10911 | D:11     | Received a gift from Okawaru
 10958 | Lair:1   | Entered Level 1 of the Lair of Beasts
 11114 | Lair:1   | Identified the +3 ring mail of Xearamar {rElec} (You found it on level 11 of the Dungeon)
 11824 | Lair:2   | Reached skill level 5 in Shields
 11953 | Lair:2   | Reached XP level 13. HP: 68/68 MP: 15/15
 12067 | Lair:2   | Got a bound amber ring
 12069 | Lair:2   | Identified the ring "Pemmymadi" {+Blink Str+4 Dex+4 Stlth-} (You found it on level 2 of the Lair of Beasts)
 12181 | Lair:2   | Received a gift from Okawaru
 12184 | Lair:2   | Got a slimy lajatang {god gift}
 12385 | Lair:2   | Identified the +5 lajatang "Fuhal Noji" {vamp, rElec rPois} (Okawaru gifted it to you on level 2 of the Lair of Beasts)
 12568 | Lair:3   | Noticed Urug
 12587 | Lair:3   | Killed Urug
 13001 | Lair:3   | Received a gift from Okawaru
 13357 | Lair:3   | Found a staircase to the Swamp.
 13811 | Lair:4   | Noticed Nessos
 14106 | Lair:4   | Killed Nessos
 14325 | Lair:4   | Found a staircase to the Snake Pit.
 14372 | Lair:4   | Noticed Josephine
 14380 | Lair:4   | Killed Josephine
 14391 | Lair:4   | Received a gift from Okawaru
 14870 | Lair:5   | Found a runed door.
 14870 | Lair:5   | Found a viscous altar of Jiyva.
 14941 | Lair:5   | Reached XP level 14. HP: 76/76 MP: 16/16
 15031 | Lair:5   | Reached skill level 10 in Fighting
 15454 | Lair:5   | Reached skill level 10 in Maces & Flails
 15553 | Lair:5   | Found a staircase to the Slime Pits.
 15575 | Lair:6   | Entered Level 6 of the Lair of Beasts
 15586 | Lair:6   | Received a gift from Okawaru
 15628 | Lair:6   | Paralysed by a hornet for 2 turns
 16184 | Lair:6   | Reached skill level 5 in Dodging
 16720 | Lair:6   | Received a gift from Okawaru
 17244 | Lair:6   | Got a distressingly furry buckler
 17265 | Lair:6   | Identified the +6 buckler "Qeppo" {rPois Dex+2} (You found it on level 6 of the Lair of Beasts)
 17873 | Lair:5   | Learned a level 2 spell: Blink
 18042 | Lair:3   | Reached XP level 15. HP: 64/81 MP: 13/17
 18093 | Swamp:1  | Entered Level 1 of the Swamp
 18364 | Swamp:1  | Reached skill level 1 in Spellcasting
 18506 | Swamp:1  | Received a gift from Okawaru
 18794 | Swamp:1  | Noticed a thorn hunter
 18816 | Swamp:1  | Killed a thorn hunter
 18893 | Swamp:1  | Noticed Louise
 18929 | Swamp:1  | Killed Louise
 19667 | Swamp:2  | Reached skill level 5 in Stealth
 19671 | Swamp:2  | Received a gift from Okawaru
 20041 | Swamp:2  | Found a white marble altar of Elyvilon.
 20645 | Swamp:3  | Demolished by a tyrant leech

Vault maps used:
D:1:      dpeg_arrival_short_road, minmay_misc_feat_five
D:2:      bloody_trog, okawaru_altar_gauntlet_db, uniq_sigmund
D:3:      nicolae_tso_swordbearing_angel, lemuel_coloured_pillars_altar,
          uniq_natasha, uniq_grinder, uniq_ijyb
D:4:      tgw_xom, minmay_temple_entry_enclosed_plants, first_ration,
          minmay_lizard_king
D:5:      evilmike_ruin_ashenzari, serial_shops, nicolae_shop_overgrown_old_shop
D:6:      fedhas_altar_2, nicolae_qazlal_style_of_elements,
          minmay_misc_feat_more_columns, uniq_eustachio, uniq_edmund
D:7:      led_sif_book, serial_shops, kennysheep_mini_moat
D:8:      lemuel_crystal_altar
D:9:      minmay_quarter_circles, serial_shops, nicolae_shop_waterfront,
          grunt_pizzeria
D:10:     palyth_stone_intersect
D:11:     grunt_lair_entry_orc_guard_hut, uniq_grum, uniq_sonja, uniq_snorg
Lair:3:   nicolae_swamp_entry_splash_gauntlet, serial_bayou_shore_a, uniq_urug
Lair:4:   dummy_snake_entry, infiniplex_staircase_pool, uniq_josephine,
          uniq_nessos
Lair:5:   slime_altar_2, minivault_27
Lair:6:   hangedman_lair_tendril_chambers, guppyfry_lair_end_dragon,
          nicolae_quartered_pool_super, bobbens_dragon_lair_wall
Swamp:1:  cheibrodos_swamp_tower_of_moss, evilmike_swamp_ruin_house_4,
          swamp_pool1, uniq_louise
Swamp:2:  basic_altar, swamp_pool4
Swamp:3:  nicolae_swamp_dense_foliage

Skill      XL: |  1  2  3  4  5  6  7  8  9 10 11 12 13 14 15 |
---------------+----------------------------------------------+-----
Shields        | 3 4 5 6 7 |  7.8
Maces & Flails | 2 3 4 5 7 9 11 | 11.6
Fighting       | 3 4 5 6 8 9 10 11 | 11.5
Armour         | 3 4 5 6 7 8 9 |  9.9
Stealth        | 2 3 4 5 |  5.2
Dodging        | 1 2 3 4 5 6 |  6.0
Staves         | 1 5 7 10 11 | 11.8
Evocations     | 1 2 |  2.3
Invocations    | 1 4 |  4.9
Spellcasting   | 4 |  4.1

Action                   |  1- 3 |  4- 6 |  7- 9 | 10-12 | 13-15 || total
-------------------------+-------+-------+-------+-------+-------++-------
Melee: Flail             |    81 |    77 |   268 |       |       ||   426
       Bite              |    10 |    30 |   117 |   221 |   485 ||   863
       Quarterstaff      |       |       |   126 |   499 |       ||   625
       Lajatang          |       |       |       |     8 |   111 ||   119
       Demon whip        |       |       |       |    87 |   855 ||   942
       Eveningstar       |       |       |       |       |     3 ||     3
Throw: Tomahawk          |       |       |     1 |       |       ||     1
Invok: Heroism           |       |       |       |     7 |     6 ||    13
       Finesse           |       |       |       |     2 |       ||     2
 Abil: Evoke Blink       |       |       |       |       |     4 ||     4
Evoke: Wand              |       |     1 |     6 |     9 |     3 ||    19
  Use: Potion            |       |     1 |       |       |     1 ||     2
       Scroll            |       |       |     3 |     7 |    12 ||    22
 Stab: Paralysed         |       |     6 |     3 |       |       ||     9
       Sleeping          |       |       |     1 |     1 |     3 ||     5
       Distracted        |       |       |       |     2 |       ||     2
       Confused          |       |       |       |       |     2 ||     2
  Eat: Chunk             |     1 |     3 |    13 |    16 |    16 ||    49
       Ration            |       |       |       |     2 |     5 ||     7
Armor: Scale mail        |    10 |       |       |       |       ||    10
       Ice dragon scales |    32 |    29 |   167 |   218 |   119 ||   565
       Ring mail         |       |       |       |       |    93 ||    93
Dodge: Dodged            |    23 |    13 |   134 |   254 |   326 ||   750
Block: Shield            |    44 |    36 |   116 |    25 |   145 ||   366
       Buckler           |       |       |       |       |   142 ||   142

Table legend:
 A = Spawn XP
 B = Non-spawn XP
 C = Spawn XP percentage of total XP
 D = Spawn monster count
 E = Non-spawn monster count
 F = Spawn count percentage of total count
 G = Total turns spent on level
                    A         B        C        D         E        F      G
               +---------+---------+-------+---------+---------+-------+---------
         Total |       0 |  120171 |   0.0 |       0 |     638 |   0.0 | 20645
               +---------+---------+-------+---------+---------+-------+---------
           D:1 |       0 |      26 |   0.0 |       0 |      17 |   0.0 |   730
           D:2 |       0 |     399 |   0.0 |       0 |      28 |   0.0 |  1295
           D:3 |       0 |     600 |   0.0 |       0 |      29 |   0.0 |   846
           D:4 |       0 |     551 |   0.0 |       0 |      41 |   0.0 |   633
           D:5 |       0 |     486 |   0.0 |       0 |      15 |   0.0 |   806
           D:6 |       0 |    1169 |   0.0 |       0 |      19 |   0.0 |   975
           D:7 |       0 |     922 |   0.0 |       0 |      20 |   0.0 |   824
           D:8 |       0 |    2370 |   0.0 |       0 |      26 |   0.0 |   992
           D:9 |       0 |    8745 |   0.0 |       0 |      61 |   0.0 |  1876
          D:10 |       0 |    4259 |   0.0 |       0 |      44 |   0.0 |   826
          D:11 |       0 |    8122 |   0.0 |       0 |      39 |   0.0 |  1155
        Lair:1 |       0 |     902 |   0.0 |       0 |       6 |   0.0 |   640
        Lair:2 |       0 |    5330 |   0.0 |       0 |      20 |   0.0 |  1054
        Lair:3 |       0 |    9021 |   0.0 |       0 |      33 |   0.0 |  1718
        Lair:4 |       0 |    7895 |   0.0 |       0 |      24 |   0.0 |   751
        Lair:5 |       0 |    9379 |   0.0 |       0 |      43 |   0.0 |  1058
        Lair:6 |       0 |   26355 |   0.0 |       0 |      89 |   0.0 |  2035
       Swamp:1 |       0 |   12677 |   0.0 |       0 |      30 |   0.0 |  1196
       Swamp:2 |       0 |   16163 |   0.0 |       0 |      45 |   0.0 |  1134
       Swamp:3 |       0 |    4800 |   0.0 |       0 |       9 |   0.0 |   101
               +---------+---------+-------+---------+---------+-------+---------
